 Dungeon Crawl Stone Soup version 0.26.1-11-gd32895ea62 (webtiles) character file.

Game seed: 16562510645332202402

464 nothank2 the Carver (level 6, -2/51 HPs)
             Began as a Minotaur Fighter on June 22, 2021.
             Was an Initiate of Makhleb.
             Slain by an orc wizard
             ... wielding a +0 dagger
              (4 damage)
             ... on level 4 of the Dungeon.
             The game lasted 00:06:52 (3311 turns).

nothank2 the Carver (Minotaur Fighter)              Turns: 3311, Time: 00:06:52

Health: -2/51      AC:  6    Str: 22    XL:     6   Next: 80%
Magic:  5/5        EV:  7    Int:  5    God:    Makhleb [......]
Gold:   190        SH:  9    Dex: 10    Spells: 5/5 levels left

rFire    + . .     SeeInvis .   a - +0 long sword
rCold    + . .     Faith    .   c - +0 kite shield
rNeg     . . .     Spirit   .   b - +0 scale mail
rPois    +         Reflect  .   (helmet restricted)
rElec    +         Harm     .   (no cloak)
rCorr    +         Rampage  .   (no gloves)
Will     .....                  (no boots)
Stlth    ..........             (no amulet)
HPRegen  0.17/turn              (no ring)
MPRegen  0.09/turn              (no ring)

@: brilliant, resistant, attractive
A: retaliatory headbutt, horns 2
a: Renounce Religion


You were on level 4 of the Dungeon.
You worshipped Makhleb.
Makhleb was noncommittal.
You visited 1 branch of the dungeon, and saw 4 of its levels.

You collected 190 gold pieces.

Inventory:

Hand Weapons
 a - a +0 long sword (weapon)
Missiles
 s - 15 poisoned darts (quivered)
Armour
 b - a +0 scale mail (worn)
 c - a +0 kite shield (worn)
Scrolls
 f - 5 scrolls of identify {unknown}
 g - a scroll of magic mapping {unknown}
 h - 2 scrolls of remove curse {unknown}
 i - a scroll of fog {unknown}
 j - a scroll of noise {unknown}
 l - a scroll of blinking {unknown}
 o - 2 scrolls of amnesia {unknown}
Potions
 d - 5 potions of might
 e - a potion of attraction
 k - a potion of cancellation
 n - a potion of curing {unknown}
 p - a potion of invisibility {unknown}
 q - a potion of brilliance
 r - a potion of ambrosia {unknown}


   Skills:
 - Level 3.6 Fighting
 + Level 8.9 Long Blades
 - Level 3.6 Armour
 - Level 3.6 Shields


You had 5 spell levels left.
You didn't know any spells.
Your spell library contained the following spells:

 Spells                   Type           Power        Failure   Level
 Magic Dart               Conj           0%           99%         1
 Blink                    Tloc           N/A          100%        2
 Call Imp                 Summ           0%           100%        2
 Slow                     Hex            0%           100%        2
 Conjure Flame            Conj/Fire      0%           100%        3
 Mephitic Cloud           Conj/Pois/Air  0%           100%        3


Dungeon Overview and Level Annotations

Branches:
Dungeon (4/15)
 Temple: D:4-7

Altars:
Hepliaklqana
Makhleb
Okawaru
Ru
Zin


Innate Abilities, Weirdness & Mutations

You reflexively headbutt those who attack you in melee.
You have a pair of horns on your head.


Message History

The magic dart hits you.
* * * LOW HITPOINT WARNING * * *
You block the orc's attack.
It was a potion of cancellation.
You feel magically purged.
The orc wizard hits you but does no damage.
You block the orc's attack.
The orc wizard hits you but does no damage.
Okay, then.
It was a potion of attraction.
You feel attractive to monsters. You block the orc wizard's attack.
You block the orc's attack.
It was a potion of brilliance.
You feel clever all of a sudden.
The orc wizard hits you but does no damage.
The orc completely misses you.
The orc wizard hits you but does no damage.
It was a potion of resistance.
You feel protected.
The orc wizard hits you with a +0 dagger.
You die...

##.##...P.#.#
#<.#...⌠.P..# ..
#........P.## . #
#...#_._._#P# .#.#
#...#P###.#.......#
#........## ##...
#####...## #.)#
###..###..#
##..@oZ#
####o.......
....#.... ...###
... ..### . ..{
.o.o o...


You could see an orc wizard (fast), an orc and an adder skeleton.

Vanquished Creatures
  Sigmund (D:2)
  A phantom (D:4)
  A hound (D:3)
  An orc priest (D:4)
  2 adders (D:3)
  5 gnolls
  A dart slug (D:2)
  2 leopard geckos
  7 orcs
  A ball python (D:2)
  4 giant cockroaches
  11 goblins
  7 hobgoblins
  8 jackals (D:1)
  2 quokkas (D:2)
  8 bats
  4 frilled lizards
  3 kobolds
  A quokka skeleton (D:3)
  8 rats
78 creatures vanquished.

Vanquished Creatures (others)
  An orc wizard (D:4)
1 creature vanquished.

Grand Total: 79 creatures vanquished

Notes
Turn   | Place    | Note
-------+----------+-------------------------------------------
     0 | D:1      | nothank2 the Minotaur Fighter began the quest for the Orb.
     0 | D:1      | Reached XP level 1. HP: 19/19 MP: 0/0
    63 | D:1      | Reached skill level 3 in Long Blades
    63 | D:1      | Reached XP level 2. HP: 24/26 MP: 1/1
    94 | D:1      | Reached skill level 4 in Long Blades
   255 | D:1      | Reached XP level 3. HP: 25/31 MP: 2/2
   726 | D:1      | Reached skill level 5 in Long Blades
  1250 | D:2      | Reached XP level 4. HP: 30/39 MP: 3/3
  1400 | D:2      | Noticed Sigmund
  1424 | D:2      | Killed Sigmund
  1425 | D:2      | Reached skill level 7 in Long Blades
  1425 | D:2      | Reached XP level 5. HP: 18/45 MP: 4/4
  1669 | D:2      | Reached XP level 6. HP: 51/51 MP: 5/5
  1973 | D:2      | Found a glowing silver altar of Zin.
  2544 | D:3      | Found a burning altar of Makhleb.
  2552 | D:3      | Reached skill level 8 in Long Blades
  2555 | D:3      | Became a worshipper of Makhleb the Destroyer
  3083 | D:4      | Found a hazy altar of Hepliaklqana.
  3083 | D:4      | Found an iron altar of Okawaru.
  3084 | D:4      | Found a sacrificial altar of Ru.
  3307 | D:4      | HP: 1/51 [orc wizard/magic dart (5)]
  3311 | D:4      | Slain by an orc wizard

Illustrated notes

Levels and vault maps discovered:
D:1:      minmay_arrival_nine_rooms, layout_basic
D:2:      layout_basic, zin_treasury, dk_noncrumbling_2, minmay_3d_cube,
          uniq_sigmund
D:3:      layout_loops_cross, makhleb_heckhound_becter
D:4:      layout_rooms, gammafunk_temple_overflow_forgotten, minmay_surrounded

Skill      XL: |  1  2  3  4  5  6 |
---------------+-------------------+-----
Long Blades    | 3 4 5 7 8 |  8.9
Fighting       | |  3.6
Armour         | |  3.6
Shields        | |  3.6

Action                   |  1- 3 |  4- 6 || total
-------------------------+-------+-------++-------
Melee: Long sword        |    94 |   117 ||   211
       Headbutt          |    20 |    21 ||    41
  Use: Potion            |       |     4 ||     4
Armor: Scale mail        |    47 |    27 ||    74
Dodge: Dodged            |    30 |    20 ||    50
Block: Kite shield       |    65 |    55 ||   120
       Rpst.: Long sword |     7 |     3 ||    10
